AoeStats
← Ux'La Diabla

Nomad

503734786Analyzed
4v4 RM · 1mo ago on Sep 2, 2026· 56m 19s· 8 players
Game mode
Random Map
Map size
231×231
Population
200
Speed
Normal
Resources
Standard
Victory
Conquest
Starting age
Dark Age
Ending age
Imperial Age
RankedLock teamsTeams togetherTeam positionsShared explorationLock speedFull tech treeHidden civsTurbo modeCheats
Victory
Defeat
🇵🇪 Berbers · Peru
1778
+10
🇨🇱 Magyars · Chile
1634
+17
🇲🇽 Franks · Mexico
1598
+18
🇺🇸 Byzantines · United States
1576
+19
🇦🇷 Khitans · Argentina
1756
-21
🇦🇷 Portuguese · Argentina
1730
-20
🇹🇼 Koreans · Taiwan
1607
-14
🇨🇳 Maya · China
1489
-9
Jhih
4:27 Loom
13:24 Feudal Age
17:11 Castle Age
17:27 Town Watch
19:03 Fletching
19:35 Double-Bit Axe
26:12 Bodkin Arrow
29:50 Bow Saw
30:44 Gold Mining
32:44 Ballistics
32:37 Husbandry
35:00 Stone Mining
36:15 Thumb Ring
36:54 Medium Warships
38:15 Wheelbarrow
40:34 Imperial Age
39:31 Scale Mail Armor
39:41 Forging
39:33 Squires
39:18 Gambesons
39:19 Arson
40:13 Murder Holes
39:55 Pikeman
41:42 Conscription
42:24 Chemistry
41:45 Bracer
43:51 Elite War Wagon
46:20 Chain Mail Armor
46:41 Iron Casting
45:57 Treadmill Crane
49:40 Arrowslits
51:34 Hand Cart
51:21 Elite Skirmisher
54:27 Plate Mail Armor
54:09 Masonry
[SotC] Klovn
5:29 Loom
11:53 Feudal Age
12:20 Double-Bit Axe
14:58 Forging
18:11 Domestication
21:04 Castle Age
22:16 Wheelbarrow
21:55 Scale Barding Armor
22:46 Bow Saw
25:07 Chain Barding Armor
26:52 Town Watch
28:47 Iron Casting
28:30 Husbandry
31:35 Pastoralism
32:42 Stone Mining
33:26 Hand Cart
33:46 Gold Mining
36:00 Fletching
39:04 Imperial Age
39:11 Elite Steppe Lancer
40:40 Plate Barding Armor
44:55 Capped Ram
45:34 Light Cavalry
49:41 Hussar
55:13 Transhumance
hcy
4:30 Loom
14:38 Feudal Age
15:38 Double-Bit Axe
15:55 Fishing Lines
18:58 Wheelbarrow
22:09 Fletching
25:40 Castle Age
28:24 Bodkin Arrow
34:29 Gold Mining
40:26 Gillnets
42:06 Scale Mail Armor
42:17 Eagle Warrior
48:49 Chain Mail Armor
50:08 Forging
52:33 Iron Casting
PatrickJane
7:08 Loom
12:58 Feudal Age
19:42 Castle Age
18:50 Fletching
19:06 Double-Bit Axe
22:09 Bow Saw
24:19 Horse Collar
35:55 Wheelbarrow
36:17 Town Watch
43:16 Imperial Age
43:37 Gold Mining
47:28 Chemistry
54:24 Siege Engineers
Ux'La Diabla
9:34 Loom
13:07 Feudal Age
17:05 Fletching
31:22 Castle Age
29:16 Fishing Lines
30:51 Double-Bit Axe
31:07 Horse Collar
33:09 Scale Mail Armor
37:44 Bow Saw
39:52 Wheelbarrow
40:13 Heavy Plow
41:05 Bodkin Arrow
41:57 Padded Archer Armor
42:10 Elite Skirmisher
44:15 Ballistics
48:50 Imperial Age
47:31 Husbandry
47:37 Scale Barding Armor
47:47 Leather Archer Armor
48:04 Forging
48:01 Thumb Ring
48:13 Treadmill Crane
48:00 Light Cavalry
49:03 Hand Cart
49:35 Bracer
50:44 Chemistry
50:25 Ring Archer Armor
50:37 Conscription
50:18 Heavy Camel Rider
51:54 Chain Barding Armor
51:59 Forging
53:31 Plate Barding Armor
54:42 Gold Mining
54:58 Stone Mining
56:13 Iron Casting
56:40 Gold Shaft Mining
Ancalagon14
14:16 Feudal Age
13:40 Loom
19:03 Castle Age
17:33 Double-Bit Axe
21:53 Scale Barding Armor
24:39 Bloodlines
28:43 Husbandry
30:51 Chain Barding Armor
37:43 Wheelbarrow
37:32 Horse Collar
38:05 Bow Saw
38:49 Gold Mining
43:34 Masonry
52:21 Imperial Age
51:12 Hand Cart
51:09 Stone Mining
52:34 Town Watch
52:51 Heavy Plow
53:37 Plate Barding Armor
52:30 Elite Magyar Huszar
53:45 Conscription
54:31 Crop Rotation
54:47 Corvinian Army
55:24 Hoardings
[DH]TLACUACHE
5:02 Loom
13:31 Feudal Age
16:23 Forging
24:31 Castle Age
22:45 Double-Bit Axe
26:20 Fletching
27:02 Bodkin Arrow
34:38 Imperial Age
43:17 Chemistry
43:08 Scale Mail Armor
44:39 Scale Barding Armor
47:31 Chain Barding Armor
47:44 Cavalier
50:24 Wheelbarrow
51:20 Plate Barding Armor
51:13 Chivalry
52:38 Hand Cart
55:36 Iron Casting
55:45 Siege Engineers
55:36 Town Watch
55:56 Paladin
noru
4:23 Loom
13:18 Feudal Age
16:47 Castle Age
16:43 Double-Bit Axe
19:38 Fletching
20:22 Bow Saw
20:14 Town Watch
21:07 Wheelbarrow
22:22 Bodkin Arrow
30:29 Gold Mining
30:46 Husbandry
30:41 Horse Collar
31:26 Stone Mining
32:13 Gold Shaft Mining
32:03 Ballistics
32:07 Bloodlines
33:05 Hand Cart
32:36 Town Watch
37:08 Imperial Age
35:11 Padded Archer Armor
36:09 Stone Shaft Mining
36:09 Heavy Plow
36:17 Scale Barding Armor
37:01 Forging
38:51 Chemistry
37:52 Bracer
37:15 Cavalier
39:20 Chain Barding Armor
40:30 Conscription
40:50 Elite Camel Archer
42:26 Plate Barding Armor
42:34 Leather Archer Armor
43:00 Iron Casting
43:19 Coinage
43:17 Maghrebi Camels
44:47 Hoardings
46:31 Blast Furnace
47:51 Crop Rotation
47:47 Murder Holes
48:49 Banking
52:06 Siege Engineers
53:52 Kasbah
54:09 Light Cavalry
55:38 Hussar
Connection lost

Rejoining the realm…

Still unreachable

The connection could not be restored.

Session expired

The server has moved on; the page needs a fresh start.